Description

ViBe B2Gm 2026 ZvP Macro Example - Silver

Posted for myself to learn this build.

Replay - ViBe B2GM - ZvP Macro Example - Silver

Build Order

Get SALT Encoding   

  12  0:00  Drone  
  13  0:13  Overlord  
  13  0:16  Drone  
  14  0:31  Drone x2  
  16  0:36  Drone  
  17  0:52  Hatchery  
  17  0:57  Drone x2  
  18  1:11  Spawning Pool  
  17  1:13  Drone x2  
  19  1:28  Drone  
  20  1:43  Extractor  
  21  2:03  Queen x2  
  28  2:16  Overlord  
  28  2:24  Overlord  
  31  2:42  Queen  
  35  2:52  Lair  
  36  3:00  Hatchery  
  35  3:07  Roach Warren  
  43  3:29  Overlord  
  44  3:44  Overlord  
  44  3:47  Extractor x2  
  51  4:07  Glial Reconstitution  
  51  4:10  Roach  
  51  4:12  Queen  
  55  4:19  Roach x4  
  63  4:29  Roach x4  
  87  5:05  Hydralisk Den  
  88  5:10  Evolution Chamber x2  
  89  5:18  Extractor x2  
  88  5:27  Extractor  
  90  5:42  Hatchery  
  95  5:50  Hydralisk x2  
  95  5:54  Grooved Spines  
  99  5:57  Hydralisk x3  
  105  6:09  Hydralisk x4  
  111  6:15  Hydralisk  
  121  6:30  Zerg Missile Weapons Level 1  
  121  6:32  Zerg Ground Armor Level 1  
  125  6:44  Muscular Augments  
  136  7:10  Extractor x2  
  136  7:13  Hatchery  
  190  8:09  Infestation Pit  
  200  8:39  Spore Crawler x4  
  194  8:46  Spore Crawler  
  191  8:49  Hive  
  196  9:04  Spine Crawler x6  
  176  9:11  Spine Crawler x4  
  200  9:48  Hatchery  
Spawning Tool Build Advisor. Get it on Overwolf

Go to:

Details

  • Created by: pepsomo@gmail.com
  • Published on: Oct 24, 2026
  • Modified on: Oct 24, 2026
  • Patch: 5.0.16
  • Difficulty: Medium
Show
View Real Time Build Order
Export as new Build Order

Comments (0)

There are no comments. Be the first!

Create an account to comment!